 Dungeon Crawl Stone Soup version 0.29.0-4-gdea44cf6ec (webtiles) character file.

Game seed: 837061850311433129

2 qw the Sneak (level 1, -6/14 HPs)
             Began as a Gargoyle Delver on Sept 10, 2022.
             Killed by divine providence
             ... invoked by an orc priest
              (13 damage)
             ... on level 5 of the Dungeon.
             The game lasted 00:00:02 (335 turns).

qw the Sneak (Gargoyle Delver)                       Turns: 335, Time: 00:00:02

Health: -6/14      AC:  5    Str: 15    XL:     1   Next: 30%
Magic:  1/1        EV: 11    Int: 10    God:
Gold:   0          SH:  0    Dex: 11    Spells: 0/0 levels left

rFire   . . .      SeeInvis .   a - +0 hand axe
rCold   . . .      Faith    .   (no shield)
rNeg    + . .      Spirit   .   b - +0 leather armour
rPois   inf        Reflect  .   (no helmet)
rElec   +          Harm     .   (no cloak)
rCorr   .          Rampage  .   (no gloves)
Will    .....                   (no boots)
Stlth   +++.......              (no amulet)
HPRegen 0.04/turn               (no ring)
MPRegen 0.07/turn               (no ring)

@: no status effects
A: sickness immunity, AC +2, negative energy resistance 1, electricity
resistance, torment resistance 1, petrification resistance
a: no special abilities


You were on level 5 of the Dungeon.
You visited 1 branch of the dungeon, and saw 1 of its levels.


Innate Abilities, Weirdness & Mutations

You are immune to sickness and miasma.
Your stone body is resilient. (AC +2)
You are immune to poison.
You resist negative energy. (rN+)
You are resistant to electric shocks. (rElec)
You are resistant to unholy torment.
You are immune to petrification.


   Skills:
 - Level 3.2 Fighting
 + Level 2.0 Axes
 - Level 1.5 Dodging
 - Level 5.4 Stealth


You couldn't memorise any spells.
You didn't know any spells.
Your spell library was empty.

Inventory:

Hand Weapons
 a - a +0 hand axe (weapon)
Armour
 b - a +0 leather armour (worn)
 h - the +0 pair of gloves of the Hunter {rF- rC- Str+3 Int+5}
   (You found it on level 5 of the Dungeon)

   Str:       It affects your strength (+3).
   Int:       It affects your intelligence (+5).
   rF:        It makes you vulnerable to fire.
   rC:        It makes you vulnerable to cold.
Wands
 g - a wand of digging (3)
Scrolls
 c - a scroll of fog
 d - a scroll of magic mapping
 e - a scroll of fear
Potions
 f - a potion of haste

Dungeon Overview and Level Annotations

Branches:
Dungeon (5/15)
 Temple: D:4-7

Altars:


Message History

An orc priest comes into view. It is wielding a +0 whip.
18 ||| Stepping ~*~*~tactically~*~*~ (hiding).
You start waiting.
Done waiting.
An orc comes into view. It is wielding a +0 hand axe.
120 ||| Stepping ~*~*~tactically~*~*~ (hiding).
You start waiting.
Done waiting.
222 ||| Stepping ~*~*~tactically~*~*~ (hiding).
You start waiting.
Done waiting.
The orc shouts!
An orc comes into view. It is wielding a +0 dagger.
An orc comes into view. It is wielding a +0 short sword.
324 ||| Stepping ~*~*~tactically~*~*~ (stealth).
326 ||| Stepping ~*~*~tactically~*~*~ (stealth).
328 ||| Stepping ~*~*~tactically~*~*~ (stealth).
You hit the orc.
The orc is heavily wounded.
The orc hits you but does no damage.
You barely miss the orc.
The orc is heavily wounded.
The orc hits you but does no damage.
The orc shouts!
You hit the orc.
You kill the orc!
Your Axes skill increases to level 2!
You hit the orc but do no damage. The orc barely misses you.
You barely miss the orc.
The orc hits you with a +0 short sword. x2
The orc priest looks encouraged for a moment.
You hear a shout!
You hit the orc.
The orc is heavily wounded.
The orc hits you with a +0 short sword.
The orc priest mumbles some strange prayers to Beogh against you.
Beogh smites you!
Ouch! That really hurt!
You die...

##########
#.......>#
.##
#@######.#
...o.###o####
#.#
#o..oo...#
#.#
...o.###.##.#
#.# o.#
#.##.# #.#
#.##.###.#
#........#
####.#####
#..


You could see an orc priest and 2 orcs.

Vanquished Creatures
  An orc (D:5)
1 creature vanquished.

Notes
Turn   | Place    | Note
-------+----------+-------------------------------------------
     0 | D:5      | qw the Gargoyle Delver began the quest for the Orb.
     0 | D:5      | Reached XP level 1. HP: 14/14 MP: 1/1
     0 | D:5      | 0 ||| qw: Version: 0.1-a-116-g5d60599
     0 | D:5      | 0 ||| qw: Game counter: 8610
     0 | D:5      | 0 ||| qw: Always use a shield: true
     0 | D:5      | 0 ||| qw: God list: Okawaru
     0 | D:5      | 0 ||| qw: Allow faded altars: false
     0 | D:5      | 0 ||| qw: Do Orc after D:15 true
     0 | D:5      | 0 ||| qw: Do second Lair branch before Depths: true
     0 | D:5      | 0 ||| qw: Lair rune preference: random
     0 | D:5      | 0 ||| qw: Plans: Normal
     0 | D:5      | 0 ||| PLANNING D:1-11
    11 | D:5      | Identified the +0 pair of gloves of the Hunter {rF- rC-
                  | Str+3 Int+5}
    17 | D:5      | Noticed an orc priest
    18 | D:5      | 18 ||| Stepping ~*~*~tactically~*~*~ (hiding).
   120 | D:5      | 120 ||| Stepping ~*~*~tactically~*~*~ (hiding).
   222 | D:5      | 222 ||| Stepping ~*~*~tactically~*~*~ (hiding).
   324 | D:5      | 324 ||| Stepping ~*~*~tactically~*~*~ (stealth).
   326 | D:5      | 326 ||| Stepping ~*~*~tactically~*~*~ (stealth).
   328 | D:5      | 328 ||| Stepping ~*~*~tactically~*~*~ (stealth).
   335 | D:5      | Killed from afar by an orc priest

Levels and vault maps discovered:
D:5:      layout_loops_corners, mainiacjoe_overflow_big_doors,
          dreamdust_princess_corridor

Skill      XL: |  1 |
---------------+----+-----
Axes           | 2 |  2.0
Fighting       | |  3.2
Dodging        | |  1.5
Stealth        | |  5.4

Action                   || total
-------------------------++-------
Melee: Hand axe          ||     6
Armor: Leather armour    ||     2
Dodge: Dodged            ||     1

Table legend:
 A = Non-vault XP
 B = Vault XP
 C = Vault XP percentage of total XP
 D = Non-vault monster count
 E = Vault monster count
 F = Vault count percentage of total count
                 A         B        C        D         E       F
            +---------+---------+-------+---------+---------+-------
      Total |       3 |       0 |   0.0 |       1 |       0 |   0.0
            +---------+---------+-------+---------+---------+-------
        D:5 |       3 |       0 |   0.0 |       1 |       0 |   0.0
            +---------+---------+-------+---------+---------+-------
